 Dungeon Crawl Stone Soup version 0.23.2-40-g277498a001 (webtiles) character file.

Game seed: 11852916332453822794

1273067 Cryoshakespeare the Conqueror (level 27, -3/484 HPs)
             Began as an Ogre Transmuter on Oct 6, 2019.
             Was the Champion of Wu Jian.
             Slain by Sojobo
             ... wielding a +2 great sword of electrocution
              (25 damage)
             ... on level 2 of the Tomb of the Ancients on Oct 7, 2019.
             The game lasted 12:02:00 (107898 turns).

Cryoshakespeare the Conqueror (Ogre Transmuter)   Turns: 107898, Time: 12:02:03

Health: -3/484     AC: 16    Str: 35      XL:     27
Magic:  42/54      EV: 17    Int: 19 (20) God:    Wu Jian [******]
Gold:   11861      SH:  0    Dex: 15      Spells: 20/80 levels left

rFire    + + +     SeeInvis .     - Unarmed
rCold    x . .     Gourm    .   (shield currently unavailable)
rNeg     + . .     Faith    +   (armour currently unavailable)
rPois    +         Spirit   .   (helmet currently unavailable)
rElec    +         Reflect  .   (cloak currently unavailable)
rCorr    .         Harm     .   (gloves unavailable)
MR       ++...                  (boots unavailable)
Stlth    ..........             X - amulet of Xufi {Faith rF+}
HPRegen  0.90/turn              t - ring "Vuruettud" {Wiz rElec Dex+6}
MPRegen  0.34/turn              Z - ring of positive energy

@: dragon-form, silence, marked, flying, very slightly contaminated, hasted and
slowed, lightly drained
A: giant, unfitting armour, blurry vision 1, sense surroundings 1, MP-powered
wands
}: 14/15 runes: serpentine, barnacled, slimy, silver, iron, obsidian, icy, bone,
abyssal, demonic, glowing, magical, fiery, dark
a: End Transformation, Wall Jump, Renounce Religion, Breathe Fire


You were on level 2 of the Tomb of the Ancients.
You worshipped Wu Jian.
Wu Jian was exalted by your worship.
You were not hungry.
You were a fearsome dragon!
You visited 18 branches of the dungeon, and saw 88 of its levels.
You visited Pandemonium 1 time, and saw 14 of its levels.
You visited the Abyss 2 times.
You visited 1 bazaar.
You also visited: Ice Cave.

You collected 14263 gold pieces.
You spent 2402 gold pieces at shops.

Inventory:

Hand Weapons
 M - the +8 mace of Patterns {speed, rF++ rC+ MR+ Str+2}
   (You took it off a vampire knight on level 7 of Tartarus)

   Attacks with this weapon are significantly faster.
   It affects your strength (+2).
   It greatly protects you from fire.
   It protects you from cold.
   It affects your resistance to hostile enchantments.
 W - the +6 sword of Cerebov {flame}
   (You took it off Cerebov in Pandemonium)

   It has been specially enchanted to burn those struck by it, causing extra
   injury to most foes and up to half again as much damage against particularly
   susceptible opponents.
   Big, fiery blades are also staple armaments of hydra-hunters.
Missiles
 K - 155 large rocks (quivered)
Armour
 q - a +1 robe of the Archmagi (melded)
 J - the -2 hat of the Alchemist (melded) {rElec rPois rF+ rC+ rN+ MR+ rMut rCorr}
   (You bought it in a shop on level 8 of the Dungeon)

   It protects you from fire.
   It protects you from cold.
   It insulates you from electricity.
   It protects you from poison.
   It protects you from negative energy.
   It affects your resistance to hostile enchantments.
   It provides partial protection from all sources of acid and corrosion.
   It protects you from mutation.
 S - a +5 large shield (melded)
 U - a +5 shield
 V - a scarf of repulsion (melded)
Magical Staves
 b - an uncursed staff of energy (melded)
Jewellery
 t - the ring "Vuruettud" (left foreclaw) {Wiz rElec Dex+6}
   (You bought it in a shop on level 2 of the Elven Halls)

   [ring of wizardry]

   It improves your spell success rate.
   It affects your dexterity (+6).
   It insulates you from electricity.
 u - an uncursed ring of see invisible
 w - an uncursed ring of protection from fire
 O - the ring of Rusaxkesm {+Inv rC++ Int-3 Stlth-}
   (You took it off an orc on level 7 of the Dungeon)

   [ring of intelligence]

   It affects your intelligence (-3).
   It greatly protects you from cold.
   It lets you turn invisible.
   It makes you less stealthy.
 R - a +6 ring of evasion
 T - the ring "Vuupsoug" {rCorr Str+4 Int+3 Stlth-}
   (You found it on level 5 of the Pits of Slime)

   [ring of resist corrosion]

   It affects your strength (+4).
   It affects your intelligence (+3).
   It makes you less stealthy.
 X - the amulet of Xufi (around neck) {Faith rF+}
   (You found it on level 2 of the Abyss)

   [amulet of faith]

   It allows you to gain divine favour quickly.
   It protects you from fire.
 Z - a ring of positive energy (right foreclaw)
Wands
 m - a wand of digging (27)
 y - a wand of iceblast (81)
 B - a wand of disintegration (18)
 F - a wand of clouds (16)
 P - a wand of acid (40)
Scrolls
 a - 8 scrolls of vulnerability
 e - 23 scrolls of remove curse
 h - 17 scrolls of teleportation
 k - 2 scrolls of blinking
 l - 28 scrolls of identify
 p - 12 scrolls of fog
 s - 16 scrolls of amnesia
 A - 7 scrolls of silence
 C - 6 scrolls of magic mapping
 D - a scroll of summoning
 G - 5 scrolls of fear
 H - 11 scrolls of immolation
 Q - a scroll of holy word
Potions
 c - 2 potions of magic
 f - 6 potions of lignification
 g - 9 potions of brilliance
 i - 5 potions of cancellation
 j - 7 potions of berserk rage
 n - 5 potions of invisibility
 o - 5 potions of ambrosia
 r - 10 potions of might
 v - 3 potions of mutation
 x - 31 potions of curing
 z - 7 potions of resistance
 E - 3 potions of heal wounds
 L - a potion of haste
 N - 7 potions of agility
Miscellaneous
 Y - a crystal ball of energy
Comestibles
 d - 34 rations


   Skills:
 O Level 27(26.0) Fighting
 + Level 16.5(15.7) Throwing
 + Level 19.9(19.1) Dodging
 + Level 18.7(17.9) Shields
 O Level 27(26.0) Unarmed Combat
 O Level 27(26.0) Spellcasting
 - Level 6.0(5.4) Hexes
 - Level 3.0(2.4) Charms
 - Level 5.0(4.4) Necromancy
 - Level 6.0(5.4) Translocations
 - Level 16.0(15.2) Transmutations
 - Level 10.0(9.3) Earth Magic
 - Level 2.5(2.0) Poison Magic
 + Level 19.1(18.4) Evocations


You had 20 spell levels left.
You knew the following spells:

 Your Spells              Type           Power        Failure   Level  Hunger
a - Statue Form           Tmut/Erth      ######...    1%          6    ##.....
b - Regeneration          Chrm/Necr      #####.....   1%          3    None
c - Shroud of Golubria    Chrm/Tloc      #####.....   1%          2    None
d - Confusing Touch       Hex            #####.       1%          1    None
e - Summon Butterflies    Summ           ###.....     1%          1    None
f - Passwall              Tmut/Erth      ######..     0%          2    None
g - Sticks to Snakes      Tmut           ######..     0%          2    None
h - Spider Form           Tmut/Pois      ######....   1%          3    None
i - Animate Skeleton      Necr           N/A          1%          1    None
j - Summon Small Mammal   Summ           ###.         1%          1    None
k - Portal Projectile     Hex/Tloc       #####.       1%          3    None
l - Song of Slaying       Chrm           ####....     1%          2    None
m - Dragon Form           Tmut           ######....   1%          7    #####..
n - Borgnjor's Vile Clut  Necr/Erth      ######....   1%          5    None
o - Sublimation of Blood  Necr           #####.....   1%          2    None
p - Irradiate             Conj/Tmut      ######....   1%          5    None
q - Silence               Hex/Air        #####.....   5%          5    None
r - Controlled Blink      Tloc           N/A          98%         8    ######.
z - Apportation           Tloc           #####.       1%          1    None

Your spell library contained the following spells:

 Spells                   Type           Power        Failure   Level  Hunger
 Beastly Appendage        Tmut           ######       0%          1    None
 Corona                   Hex            #####..      1%          1    None
 Flame Tongue             Conj/Fire      ###..        1%          1    None
 Freeze                   Ice            ###.         1%          1    None
 Infusion                 Chrm           ####         1%          1    None
 Magic Dart               Conj           ###.         1%          1    None
 Pain                     Necr           ####         1%          1    None
 Sandblast                Erth           ######       1%          1    None
 Shock                    Conj/Air       ###.         1%          1    None
 Sting                    Conj/Pois      ####         1%          1    None
 Corpse Rot               Necr           N/A          1%          2    None
 Ensorcelled Hibernation  Hex/Ice        #####.       1%          2    None
 Poisonous Vapours        Pois/Air       ####..       1%          2    None
 Searing Ray              Conj           ###...       1%          2    None
 Slow                     Hex            #####...     1%          2    None
 Swiftness                Chrm/Air       ####....     1%          2    None
 Throw Flame              Conj/Fire      ###...       1%          2    None
 Throw Frost              Conj/Ice       ###...       1%          2    None
 Confuse                  Hex            #####...     1%          3    None
 Conjure Flame            Conj/Fire      ###.....     1%          3    None
 Dazzling Spray           Conj/Hex       #####.       1%          3    None
 Gell's Gravitas          Tloc           #####.....   1%          3    None
 Ignite Poison            Fire/Tmut/Pois #####...     1%          3    None
 Inner Flame              Hex/Fire       #####...     1%          3    None
 Lesser Beckoning         Tloc           #####.....   1%          3    None
 Mephitic Cloud           Conj/Pois/Air  ####....     1%          3    None
 Ozocubu's Armour         Chrm/Ice       ####....     1%          3    None
 Recall                   Summ/Tloc      N/A          1%          3    None
 Spectral Weapon          Hex/Chrm       #####...     1%          3    None
 Static Discharge         Conj/Air       ###.....     1%          3    None
 Stone Arrow              Conj/Erth      #####.       1%          3    None
 Summon Guardian Golem    Hex/Summ       #####...     1%          3    None
 Tukima's Dance           Hex            #####...     1%          3    None
 Vampiric Draining        Necr           #####.....   1%          3    None
 Animate Dead             Necr           N/A          1%          4    None
 Cause Fear               Hex            #####.....   1%          4    None
 Force Lance              Conj/Tloc      #####...     1%          4    None
 Fulminant Prism          Conj/Hex       #####.....   1%          4    None
 Ice Form                 Ice/Tmut       ######..     1%          4    None
 Leda's Liquefaction      Hex/Erth       ######....   1%          4    None
 Petrify                  Tmut/Erth      ######..     1%          4    None
 Alistair's Intoxication  Tmut/Pois      ######..     1%          5    None
 Blade Hands              Tmut           ######....   1%          5    None
 Lee's Rapid Deconstruct  Erth           ######....   1%          5    None
 Yara's Violent Unravell  Hex/Tmut       ######....   1%          5    None
 Hydra Form               Tmut           ######....   1%          6    ##.....
 Agony                    Necr           #####...     2%          5    None
 Dispel Undead            Necr           #####...     2%          5    None
 Bolt of Magma            Conj/Fire/Erth #####.....   4%          5    None
 Excruciating Wounds      Chrm/Necr      #####.....   4%          5    None
 Metabolic Englaciation   Hex/Ice        #####.....   5%          5    None
 Summon Forest            Summ/Tloc      #####.....   5%          5    None
 Airstrike                Air            ###.......   6%          4    None
 Iskenderun's Mystic Bla  Conj           ###.....     6%          4    None
 Sticky Flame             Conj/Fire      ###.....     6%          4    None
 Summon Ice Beast         Ice/Summ       ###.....     6%          4    None
 Throw Icicle             Conj/Ice       ###.....     6%          4    None
 Bolt of Draining         Conj/Necr      ####......   6%          5    None
 Iskenderun's Battlesphe  Conj/Chrm      ####....     10%         5    None
 Dispersal                Tloc           #####.....   10%         6    ##.....
 Invisibility             Hex            #####...     10%         6    ##.....
 Venom Bolt               Conj/Pois      ####......   11%         5    None
 Iron Shot                Conj/Erth      #####.....   13%         6    ##.....
 Death Channel            Necr           #####.....   14%         6    ##.....
 Fireball                 Conj/Fire      ###.......   16%         5    None
 Lightning Bolt           Conj/Air       ###.......   16%         5    None
 Simulacrum               Ice/Necr       ####......   32%         6    ##.....
 Deflect Missiles         Chrm/Air       ####......   45%         6    ##.....
 Bolt of Cold             Conj/Ice       ###.......   61%         6    ##.....
 Bolt of Fire             Conj/Fire      ###.......   61%         6    ##.....
 Conjure Ball Lightning   Conj/Air       ###.......   61%         6    ##.....
 Freezing Cloud           Conj/Ice/Air   ###.......   61%         6    ##.....
 Ozocubu's Refrigeration  Ice            ###.......   61%         6    ##.....
 Malign Gateway           Summ/Tloc      #####.....   82%         7    #####..
 Ring of Flames           Chrm/Fire      ####......   94%         7    #####..
 Discord                  Hex            #####.....   98%         8    ######.
 Disjunction              Tloc           #####.....   98%         8    ######.
 Monstrous Menagerie      Summ           ###.......   99%         7    #####..
 Orb of Destruction       Conj           ###.......   99%         7    #####..
 Spellforged Servitor     Conj/Summ      ###.......   99%         7    #####..
 Summon Greater Demon     Summ           ###.......   99%         7    #####..
 Summon Hydra             Summ           ###.......   99%         7    #####..
 Ignition                 Fire           ###.......   100%        8    ######.
 Summon Horrible Things   Summ           ###.......   100%        8    ######.
 Dragon's Call            Summ           ###.......   100%        9    #######
 Shatter                  Erth           ######....   100%        9    #######
 Tornado                  Air            ###.......   100%        9    #######


Dungeon Overview and Level Annotations

Branches:
Dungeon (15/15)            Temple (1/1) D:6            Lair (6/6) D:11
 Shoals (4/4) Lair:2        Snake (4/4) Lair:4        Slime (5/5) Lair:6
    Orc (2/2) D:10            Elf (3/3) Orc:2        Vaults (5/5) D:13
  Crypt (3/3) Vaults:3       Tomb (2/3) Crypt:3      Depths (5/5) D:15
   Hell (1/1)                 Dis (7/7) Hell            Geh (7/7) Hell
    Coc (7/7) Hell            Tar (7/7) Hell            Zot (4/5) Depths:5

Altars:
Ashenzari
Cheibriados
Elyvilon
Gozag
Kikubaaqudgha
Makhleb
Nemelex Xobeh
Okawaru
Trog
Uskayaw
Wu Jian
Xom
Zin
Jiyva

Shops:
D:8 [   Orc:2 ?([(   Elf:1 :%%:?   Elf:2 =}=   Snake:4 =   Vaults:4 *!=

Portals:
Hell: Lair:6 Depths:1 Depths:2 Depths:3 Depths:4 Depths:5
Abyss: Depths:1 Depths:2 Depths:3 Depths:4
Pandemonium: Depths:2 Depths:3 Depths:5
Ziggurat: Depths:4
Trove: Depths:3 (give +7 demon blade)

Annotations:
D:11 exclusion: ugly thing
D:15 3 runed translucent doors, chimenez's ghost, journeyman TrFi
Tomb:2 Sojobo
Depths:3 1 runed translucent door, jt's ghost, adept NaVM


Innate Abilities, Weirdness & Mutations

You are too large for most types of armour.
((You have tough skin. (AC +1)))
((You have large cloven feet.))
Scrolls take you a little longer to read.
((Your flesh is heat resistant. (rF+)))
You passively map a small area around you.
You expend magic power (3 MP) to strengthen your wands.


Message History

The air elemental completely misses you.
The death scarab bites you.
* * * LOW HITPOINT WARNING * * *
The death scarab drains your vigour!
You feel as though you will be slow longer.
The death scarab draws strength from your injuries!
The death scarab misses you.
The air elemental hits you but does no damage.
The death scarab closely misses you. The air elemental hits you.
* * * LOW HITPOINT WARNING * * *
The death scarab completely misses you. The death scarab barely misses you.
The tengu reaver is engulfed in dark miasma.
The tengu reaver dies!
Something hits you.
* * * LOW HITPOINT WARNING * * *
The air elemental hits you but does no damage.
The death scarab bites you but does no damage.
A mummy comes into view.
A flying skull comes into view.
Sojobo hits you with a +2 great sword of electrocution!!
You die...

, *, , ,, , 3M ######*
##M##### ,.......
,.......#, .......
M......# ##
..z..zz####M<.4[.#, *
..# #...###...Mz3....#
.....,###zz.Mz8Ess(...#
.....##.##...MzWDsW...#
*
...##.../z##WM.EQ°M.M.#
,
..#......s8(#3MWE.....#
.#......4b..3#M.......'.
#......s(s.V).#.......#^
#......4....M.#.......#
#.........§..Q#.......#
.#..M..M.....#........#
.M#.........#.......


You could see 2 greater mummies, Sojobo, 2 emperor scorpions, a bennu, an
ancient champion, 2 mummy priests, a skeletal warrior, a jiangshi, a soul eater,
a flayed ghost, a phantasmal warrior, 5 guardian mummies, 2 ushabtiu, an ice
devil, a sixfirhy, 2 smoke demons, 3 air elementals, a wraith, 3 death scarabs,
a shadow, 6 flying skulls and 4 mummies.

Vanquished Creatures
  Cerebov (Pan)
  Asmodeus (Geh:7)
  Antaeus (Coc:7)
  the Royal Jelly (Slime:5)
  Gloorx Vloq (Pan)
  A seraph (Pan)
  Ereshkigal (Tar:7)
  Lom Lobon (Pan)
  the Serpent of Hell (Tar:7)
  Dispater (Dis:7)
  Mnoleg (Pan)
  2 orbs of fire
  Mennas (Pan)
  An ancient lich (Depths:4)
  2 juggernauts (Depths:5)
  A greater mummy (Tomb:2)
  Saint Roka (Orc:1)
  Boris (Vaults:5)
  4 shard shrikes
  A curse toe (Zot:4)
  2 Killer Klowns
  5 pandemonium lords (Pan)
  Geryon (Hell)
  7 golden dragons
  A profane servitor (Abyss:2)
  11 bone dragons
  9 iron giants
  14 Brimstone Fiends
  4 electric golems
  19 Tzitzimimeh
  2 pearl dragons (Pan)
  5 doom hounds
  14 Hell Sentinels
  11 Ice Fiends
  19 tentacled monstrosities
  The ghost of Shavain the Tortoise, an adept DDBe of Trog (Snake:4)
  6 quicksilver dragons
  2 deep elf blademasters (Elf:3)
  5 titans
  10 liches
  2 deep elf master archers (Elf:3)
  20 acid blobs
  6 tentacled starspawn
  Gastronok (D:8)
  11 sphinxes
  19 Executioners
  9 ancient champions
  A thorn hunter (Abyss:3)
  10 shadow dragons
  The ghost of NeAGen181 the Warrior, an adept HOFi of Beogh (Snake:2)
  11 tengu reavers
  6 death cobs
  2 revenants
  19 storm dragons
  9 fire giants
  5 draconian monks
  10 nagarajas
  12 azure jellies
  10 iron dragons
  17 daevas (Pan)
  3 blood saints (Pan)
  8 deep elf sorcerers
  22 frost giants
  2 ghost moths
  19 cacodemons
  4 curse skulls
  10 draconian scorchers
  21 balrugs
  2 warmongers (Pan)
  17 vault wardens
  Aizul (Snake:1)
  4 corrupters (Pan)
  5 draconian shifters
  Louise (Depths:1)
  10 draconian annihilators
  3 draconian stormcallers
  2 elemental wellsprings (Coc:7)
  5 deep elf elementalists
  2 spriggan defenders
  29 angels (Pan)
  13 war gargoyles
  2 ghouls (Crypt:2)
  11 ironheart preservers
  2 caustic shrike skeletons
  45 reapers
  15 ophanim (Pan)
  25 stone giants
  2 entropy weavers
  2 bennus (Tomb:1)
  29 apis (Pan)
  26 very ugly things
  3 dire elephants
  17 black draconians
  7 deep elf demonologists
  5 black suns (Pan)
  8 deep elf annihilators
  12 red draconians
  8 green draconians
  12 lorocyprocas
  14 vampire knights
  6 yellow draconians
  6 white draconians
  8 purple draconians
  The ghost of Seokk the Severer, a journeyman NaFi of Cheibriados (Orc:1)
  4 merfolk javelineers
  13 deep elf death magi
  Snorg (Lair:5)
  An eidolon (Crypt:1)
  10 ettins
  12 green deaths
  7 mummy priests
  5 merfolk impalers
  22 blizzard demons
  4 death oozes
  2 crystal guardians
  3 fire dragons
  17 jiangshi
  Josephine (Lair:5)
  14 yaktaur captains
  12 great orbs of eyes
  5 deep elf high priests
  The ghost of Buitonan the Carver, a journeyman MiFi of Okawaru (Lair:1)
  Fannar (Lair:2)
  A kraken zombie (Coc:7)
  3 monstrous demonspawn (Pan)
  19 naga warriors
  6 quicksilver dragon zombies
  A great orb of eyes (shapeshifter) (Elf:3)
  3 merfolk avatars
  A catoblepas (D:14)
  8 rakshasas
  27 ice dragons
  4 quicksilver dragon skeletons
  4 hell beasts
  33 vault guards
  4 death knights
  5 spriggan air magi
  A hydra (shapeshifter) (Depths:2)
  11 hydras
  A shambling mangrove (Abyss:3)
  3 merfolk aquamancers
  2 ghost crabs (Tar:7)
  8 centaur warriors
  10 deep troll shamans
  An anaconda (shapeshifter) (Vaults:5)
  32 dancing weapons
  15 anacondas
  A death yak (Lair:6)
  A satyr (Shoals:4)
  4 death scarabs (Tomb:1)
  9 ogre magi
  17 two-headed ogres
  5 titan zombies
  9 deep troll earth magi
  7 hell hogs
  16 shock serpents
  7 tengu warriors
  8 vampire magi
  3 orc high priests (Orc:2)
  9 iron golems
  A shock serpent (shapeshifter) (Depths:2)
  21 soul eaters
  9 thrashing horrors
  23 deep elf knights
  12 spriggan berserkers
  6 storm dragon zombies
  12 naga sharpshooters
  A fire crab (shapeshifter) (Vaults:2)
  68 sun demons
  Sonja (Lair:5)
  7 salamander mystics
  5 titan skeletons
  130 skeletal warriors
  42 hell knights
  A fire crab (Geh:5)
  10 wretched stars
  17 sixfirhies
  5 spatial maelstroms (Abyss:3)
  4 unseen horrors
  15 iron trolls
  7 shadow wraiths
  A ghost moth zombie (Geh:3)
  A glowing orange brain (shapeshifter) (Vaults:3)
  16 cherubim (Pan)
  A storm dragon skeleton (Depths:1)
  8 anaconda zombies
  18 flayed ghosts
  3 golden dragon zombies
  24 sea snakes
  A quicksilver dragon simulacrum (Tar:3)
  2 infernal demonspawn (Pan)
  6 naga ritualists
  5 gelid demonspawn
  7 shadow demons
  12 starcursed masses
  5 torturous demonspawn (Pan)
  3 glowing orange brains
  34 deep trolls
  19 ironbrand convokers
  A kraken simulacrum (Hell)
  16 wizards
  5 shadow dragon zombies
  2 obsidian statues (Depths:1)
  3 golden dragon skeletons
  5 lindwurms
  16 orc knights
  30 harpies
  3 wolf spider zombies
  25 deep elf archers
  21 phantasmal warriors
  7 anaconda skeletons
  59 deep elf magi
  An orb spider (shapeshifter) (D:14)
  8 fauns
  A wolf spider (shapeshifter) (D:14)
  6 orc sorcerers
  2 iron dragon zombies
  20 necromancers
  39 ugly things
  15 mana vipers
  5 wolf spiders
  29 moths of wrath
  4 shadow dragon skeletons
  An elephant (shapeshifter) (Depths:3)
  A manticore (shapeshifter) (Vaults:5)
  6 fire giant zombies
  8 frost giant zombies
  5 worldbinders (Abyss:3)
  19 cyclopes
  11 manticores
  A cyclops (shapeshifter) (Vaults:2)
  15 elephants
  12 salamanders
  6 iron dragon skeletons
  7 shining eyes
  7 stone giant zombies
  11 merfolk sirens
  23 rust devils
  Joseph (D:8)
  7 fire giant skeletons
  49 black mambas
  A sphinx skeleton (Depths:1)
  2 shock serpent zombies
  12 frost giant skeletons
  53 smoke demons
  6 dire elephant zombies
  A guardian serpent (shapeshifter) (D:14)
  6 stone giant skeletons
  2 titan simulacra
  18 vault sentinels
  11 water nymphs
  28 orange demons
  24 naga magi
  7 guardian serpents
  7 ice statues
  A gargoyle (D:14)
  3 eyes of devastation
  17 molten gargoyles
  5 spectral swamp worms (Depths:5)
  13 spiny frogs
  A storm dragon simulacrum (Coc:7)
  3 kobold demonologists
  A catoblepas zombie (Tar:2)
  4 dire elephant skeletons
  A ghost moth simulacrum (Abyss:3)
  A yaktaur (shapeshifter) (Vaults:1)
  54 yaktaurs
  29 hellions
  2 catoblepas skeletons
  11 rime drakes
  6 efreet
  An emperor scorpion zombie (Coc:7)
  24 freezing wraiths
  A spark wasp simulacrum (Depths:4)
  12 komodo dragons
  42 ice devils
  40 tormentors
  7 guardian mummies
  41 red devils
  A red draconian skeleton (Geh:7)
  26 hellwings
  2 ancient zymes (Abyss:3)
  6 tengu conjurers
  19 demonic crawlers
  A jumping spider (shapeshifter) (D:14)
  2 queen bees (shapeshifter)
  11 hydra zombies
  2 yaktaur skeletons (Depths:1)
  4 harpy zombies
  A troll (shapeshifter) (Vaults:2)
  A meliai (shapeshifter) (D:15)
  16 polar bears
  A queen bee (D:8)
  A shadow dragon simulacrum (Abyss:3)
  A silent spectre (Tar:7)
  2 hornets (shapeshifter)
  10 trolls
  30 merfolk
  13 blink frogs
  5 wind drakes
  14 hornets
  An iron dragon simulacrum (Abyss:3)
  2 blink frogs (shapeshifter)
  24 hippogriffs
  9 hydra skeletons
  15 raiju
  133 slime creatures
  3 fire dragon zombies
  3 spriggan zombies
  5 alligator zombies
  7 snapping turtles
  4 ice dragon zombies
  6 fire dragon skeletons
  A frost giant simulacrum (Crypt:1)
  12 dream sheep
  7 ettin zombies
  2 air elementals
  4 alligator skeletons
  A fire giant simulacrum (Vaults:1)
  A tarantella (shapeshifter) (Vaults:5)
  5 redbacks
  129 flying skulls
  11 ettin skeletons
  6 spriggan skeletons (Depths:1)
  A spriggan (shapeshifter) (Depths:1)
  29 shadows
  3 wyverns (D:11)
  3 black mamba zombies
  18 ynoxinuls
  6 spriggans (Depths:5)
  A wind drake zombie (Crypt:2)
  51 yaks
  3 ice dragon skeletons
  6 ushabtiu
  27 water elementals
  36 wraiths
  A human (shapeshifter) (Vaults:5)
  A yak (shapeshifter) (Depths:5)
  17 fire elementals
  A black mamba skeleton (Crypt:1)
  A golden eye (shapeshifter) (Vaults:2)
  16 golden eyes
  2 basilisks
  5 vampire mosquitoes
  22 neqoxecs
  A dire elephant simulacrum (Abyss:3)
  7 hungry ghosts
  A minotaur simulacrum (Tar:3)
  12 chaos spawn
  A soldier ant (D:11)
  39 large abominations
  43 nagas
  4 hydra simulacra
  5 wargs
  2 soldier ants (shapeshifter)
  An acid dragon (Vaults:2)
  5 spatial vortices (Abyss:3)
  5 tengu skeletons
  57 hell hounds
  12 porcupines
  2 floating eyes
  A merfolk skeleton (Geh:1)
  An orb spider zombie (Crypt:1)
  26 water moccasins
  4 spiny frog zombies
  2 deep troll skeletons
  A swamp drake (D:11)
  3 black bears (D:8)
  44 orc warriors
  5 swamp dragon zombies
  2 manticore zombies
  3 ice beasts
  3 spiny frog skeletons
  7 eyes of draining
  3 snapping turtle zombies
  3 sky beasts
  22 necrophages
  8 phantoms
  An ettin simulacrum (Depths:1)
  An ogre (shapeshifter) (D:14)
  An eye of draining (shapeshifter) (D:15)
  A human zombie (Vaults:1)
  26 ogres
  12 boggarts
  A human skeleton (Vaults:1)
  11 centaurs
  6 snapping turtle skeletons
  18 wolves
  14 crocodiles
  A swamp dragon skeleton (Coc:7)
  A manticore skeleton (Pan)
  5 big kobolds
  2 elephant skeletons (Crypt:2)
  12 small abominations
  18 bullfrogs
  A big kobold (shapeshifter) (Vaults:1)
  2 elf skeletons
  A gnoll sergeant (D:7)
  A wyvern zombie (D:11)
  A spiny frog simulacrum (Coc:7)
  3 earth elementals
  A wyvern skeleton (D:10)
  A hippogriff skeleton (Crypt:2)
  3 scorpions
  A human simulacrum (Vaults:1)
  A raiju zombie (Crypt:2)
  67 killer bees
  41 wights
  A raiju skeleton (Crypt:2)
  A troll skeleton (Geh:7)
  14 electric eels
  3 howler monkeys
  A bullfrog zombie (D:11)
  8 centaur zombies
  14 crimson imps
  6 hounds
  7 quasits
  6 jellies
  18 orc wizards
  23 orc priests
  2 bullfrog skeletons
  5 centaur skeletons
  34 iron imps
  Ijyb (D:4)
  4 iguanas
  18 worker ants
  A killer bee zombie (Crypt:1)
  A dwarf zombie (Crypt:1)
  A hound zombie (D:8)
  A hound skeleton (D:4)
  12 mummies
  2 worker ant zombies
  A howler monkey skeleton (D:7)
  9 gnolls
  16 adders
  2 scorpion zombies
  13 shadow imps
  A steam dragon skeleton (Crypt:2)
  31 white imps
  An ufetubus (Abyss:2)
  5 oozes
  2 adder zombies
  4 adder skeletons
  3 worms
  A barachi skeleton (Crypt:2)
  3 dart slugs
  4 leopard geckos
  79 orcs
  5 bats
  3 giant cockroaches
  5 goblins
  4 hobgoblins
  A hobgoblin (shapeshifter) (Vaults:5)
  15 jackals
  4 quokkas
  7 frilled lizards
  A giant cockroach zombie (D:5)
  A jackal skeleton (Crypt:2)
  13 kobolds
  A leopard gecko skeleton (D:6)
  A leopard gecko zombie (D:7)
  An orc zombie (Abyss:3)
  A quokka zombie (D:5)
  11 rats
  A bush (Lair:2)
  3 plants
  6 starspawn tentacles (Abyss:1)
  3 tentacles (Coc:7)
4657 creatures vanquished.

Vanquished Creatures (others)
  A lich (Tomb:2)
  4 eldritch tentacles
  2 tengu reavers (Tomb:2)
  2 ironheart preservers
  A blizzard demon (Depths:4)
  A yaktaur captain (Vaults:5)
  A sun demon (Hell)
  A deep elf knight (Elf:3)
  A storm dragon skeleton (Geh:7)
  A manticore (Shoals:2)
  A cyclops (Vaults:2)
  A frost giant zombie (Geh:7)
  A salamander (Snake:3)
  A faun (Shoals:3)
  An apocalypse crab (Abyss:2)
  5 yaktaurs
  An ancient zyme (Abyss:3)
  A hornet (Abyss:3)
  A raiju (Abyss:3)
  4 flying skulls
  2 ice dragon skeletons
  A shadow (Geh:3)
  A black mamba skeleton (Geh:3)
  2 large abominations (Abyss:3)
  3 nagas
  2 orc warriors
  An eye of draining (Abyss:3)
  An iron imp (Dis:7)
  3 orc wizards
  A mummy (Tomb:2)
  An ufetubus (Abyss:3)
  3 orcs (D:15)
  A bush (Lair:1)
  7 fungi
  4 lurking horrors
  20 plants
  16 starspawn tentacles
  9 tentacles
110 creatures vanquished.

Grand Total: 4767 creatures vanquished

Notes
Turn   | Place    | Note
-------+----------+-------------------------------------------
     0 | D:1      | Cryoshakespeare the Ogre Transmuter began the quest for the
                  | Orb.
     0 | D:1      | Reached XP level 1. HP: 19/19 MP: 3/3
   121 | D:1      | Reached XP level 2. HP: 27/27 MP: 3/5
   741 | D:1      | Reached XP level 3. HP: 26/33 MP: 4/6
   746 | D:1      | Learned a level 3 spell: Spider Form
  1725 | D:2      | Reached skill level 1 in Poison Magic
  1839 | D:2      | Reached XP level 4. HP: 41/41 MP: 5/7
  3050 | D:3      | Reached XP level 5. HP: 45/48 MP: 4/8
  3054 | D:3      | Noticed an orc warrior
  3197 | D:3      | Found a shattered altar of Ashenzari.
  3674 | D:3      | Killed an orc warrior
  3674 | D:3      | Reached XP level 6. HP: 57/57 MP: 5/10
  4250 | D:4      | Found a snail-covered altar of Cheibriados.
  4574 | D:4      | Reached XP level 7. HP: 64/67 MP: 8/12
  4826 | D:4      | Noticed Ijyb
  4839 | D:4      | Killed Ijyb
  5345 | D:4      | Found an ancient bone altar of Kikubaaqudgha.
  5408 | D:4      | Found an opulent altar of Gozag.
  5468 | D:4      | Found a glowing silver altar of Zin.
  5468 | D:4      | Found a burning altar of Makhleb.
  5469 | D:4      | Noticed a balrug
  5469 | D:4      | Noticed an angel
  5543 | D:5      | Entered Level 5 of the Dungeon
  5967 | D:5      | Reached XP level 8. HP: 55/79 MP: 11/14
  6176 | D:5      | Reached skill level 5 in Unarmed Combat
  6212 | D:5      | Learned a level 1 spell: Animate Skeleton
  6214 | D:5      | Learned a level 1 spell: Confusing Touch
  6216 | D:5      | Learned a level 1 spell: Apportation
  6218 | D:5      | Learned a level 1 spell: Summon Small Mammal
  6276 | D:5      | Reached skill level 5 in Fighting
  6292 | D:5      | Learned a level 2 spell: Sticks to Snakes
  7583 | D:6      | Found a staircase to the Ecumenical Temple.
  7597 | Temple   | Entered the Ecumenical Temple
  7609 | Temple   | Became a worshipper of the Wu Jian Council
  7623 | D:6      | Learned a level 3 spell: Regeneration
  7626 | D:6      | Learned a level 2 spell: Shroud of Golubria
  7673 | D:6      | Reached XP level 9. HP: 91/91 MP: 9/15
  8161 | D:7      | Reached skill level 1 in Charms
  8161 | D:7      | Reached skill level 1 in Necromancy
  8236 | D:7      | Reached skill level 1 in Translocations
  8522 | D:7      | Reached * piety under Wu Jian
  8657 | D:7      | Noticed a troll
  8683 | D:7      | Reached skill level 5 in Dodging
  8929 | D:7      | Reached skill level 5 in Spellcasting
  9018 | D:7      | Killed a troll
  9018 | D:7      | Reached XP level 10. HP: 72/102 MP: 10/17
  9158 | D:7      | Learned a level 1 spell: Summon Butterflies
  9182 | D:7      | Identified the cursed ring of Rusaxkesm {+Inv rC++ Int-3
                  | Stlth-}
  9346 | D:7      | Found a sparkling altar of Nemelex Xobeh.
  9346 | D:7      | Found a hide-covered altar of Uskayaw.
  9916 | D:8      | Noticed a two-headed ogre
 10058 | D:8      | Found Wyreoky's Armour Shop.
 10075 | D:8      | Bought the -2 hat of the Alchemist {rElec rPois rF+ rC+ rN+
                  | MR+ rMut rCorr} for 519 gold pieces
 10075 | D:8      | Found the -2 hat of the Alchemist {rElec rPois rF+ rC+ rN+
                  | MR+ rMut rCorr}
 10106 | D:8      | Noticed Gastronok
 10153 | D:8      | Killed Gastronok
 10499 | D:8      | Learned a level 6 spell: Statue Form
 10595 | D:8      | Noticed Joseph
 10614 | D:8      | Killed Joseph
 10614 | D:8      | Reached skill level 1 in Earth Magic
 11263 | D:8      | Killed a two-headed ogre
 11263 | D:8      | Reached skill level 5 in Transmutations
 11263 | D:8      | Reached XP level 11. HP: 115/115 MP: 12/20
 11668 | D:8      | Noticed a two-headed ogre
 11680 | D:8      | Killed a two-headed ogre
 11680 | D:8      | Reached ** piety under Wu Jian
 12148 | D:8      | Found a bloodstained altar of Trog.
 12873 | D:9      | You fall through a shaft for 3 floors!
 13141 | D:11     | Noticed a two-headed ogre
 13157 | D:11     | Killed a two-headed ogre
 13222 | D:11     | Found a flagged portal.
 13392 | D:10     | Entered Level 10 of the Dungeon
 13396 | D:10     | Noticed a tengu warrior
 13652 | D:10     | Found a staircase to the Orcish Mines.
 13773 | D:10     | Reached skill level 5 in Earth Magic
 14376 | D:10     | Reached *** piety under Wu Jian
 14402 | D:9      | Killed a tengu warrior
 14865 | D:11     | Noticed a two-headed ogre
 15286 | D:11     | Noticed a cyan ugly thing
 15335 | D:11     | Noticed a purple ugly thing
 15349 | D:11     | Killed a purple ugly thing
 15513 | D:11     | Reached XP level 12. HP: 123/123 MP: 18/21
 15805 | D:11     | Found a staircase to the Lair.
 16566 | D:12     | Found a shattered altar of Ashenzari.
 17642 | D:12     | Reached **** piety under Wu Jian
 17780 | Lair:1   | Entered Level 1 of the Lair of Beasts
 17798 | Lair:1   | Found a shimmering altar of Xom.
 18618 | Lair:1   | Found a transporter.
 18893 | Lair:1   | Noticed an eight-headed hydra
 18900 | Lair:1   | Killed an eight-headed hydra
 18900 | Lair:1   | Reached skill level 10 in Transmutations
 19087 | Lair:1   | Found a transporter.
 19089 | Lair:1   | Noticed Buitonan's ghost (journeyman MiFi)
 19115 | Lair:1   | Killed Buitonan's ghost
 19115 | Lair:1   | Reached XP level 13. HP: 131/131 MP: 7/22
 19876 | Lair:2   | Reached ***** piety under Wu Jian
 20223 | Lair:2   | Found a staircase to the Shoals.
 20596 | Lair:2   | Reached skill level 10 in Fighting
 20774 | Lair:2   | Noticed Fannar
 20793 | Lair:2   | Killed Fannar
 21212 | Lair:3   | Reached skill level 10 in Unarmed Combat
 21240 | Lair:3   | Found an opulent altar of Gozag.
 21298 | Lair:3   | Found a frozen archway.
 21456 | IceCv    | Entered an ice cave
 22131 | IceCv    | Reached XP level 14. HP: 146/146 MP: 19/23
 22271 | IceCv    | Noticed a frost giant
 22283 | IceCv    | Killed a frost giant
 23043 | Lair:3   | Reached ****** piety under Wu Jian
 24344 | Lair:4   | Found a staircase to the Snake Pit.
 24649 | Lair:5   | Noticed Josephine
 24657 | Lair:5   | Killed Josephine
 24657 | Lair:5   | Reached skill level 10 in Earth Magic
 24986 | Lair:5   | Noticed Snorg
 25003 | Lair:5   | Killed Snorg
 25040 | Lair:5   | Noticed Sonja
 25181 | Lair:5   | Killed Sonja
 25542 | Lair:6   | Entered Level 6 of the Lair of Beasts
 25875 | Lair:6   | Noticed a dire elephant
 25885 | Lair:6   | Killed a dire elephant
 25885 | Lair:6   | Reached XP level 15. HP: 161/161 MP: 19/24
 26014 | Lair:6   | Found a burning altar of Makhleb.
 26065 | Lair:6   | Found a gateway to Hell.
 26190 | Lair:6   | Found a viscous altar of Jiyva.
 26191 | Lair:6   | Found a staircase to the Slime Pits.
 26959 | D:13     | Found a gate to the Vaults.
 27315 | D:13     | Learned a level 3 spell: Portal Projectile
 27417 | D:14     | Reached skill level 15 in Fighting
 27743 | D:14     | Reached skill level 1 in Shields
 27792 | D:14     | Reached skill level 1 in Throwing
 27856 | D:14     | Noticed a fire giant
 27863 | D:14     | Killed a fire giant
 27948 | D:14     | Noticed a tengu reaver
 27958 | D:14     | Killed a tengu reaver
 28176 | D:14     | Noticed a tengu reaver
 28662 | D:14     | Killed a tengu reaver
 28662 | D:14     | Reached XP level 16. HP: 161/176 MP: 27/27
 29525 | D:15     | Entered Level 15 of the Dungeon
 29555 | D:15     | Reached skill level 5 in Shields
 29807 | D:15     | Found a runed translucent gate.
 29809 | D:15     | Found a runed translucent gate.
 29809 | D:15     | Found a runed translucent gate.
 29811 | D:15     | Noticed chimenez's ghost (journeyman TrFi)
 29819 | D:15     | Found an iron altar of Okawaru.
 29939 | D:15     | Found a snail-covered altar of Cheibriados.
 30245 | D:15     | Found a staircase to the Depths.
 30631 | Orc:1    | Entered Level 1 of the Orcish Mines
 30878 | Orc:1    | Found a runed translucent door.
 31089 | Orc:1    | Noticed Seokk's ghost (journeyman NaFi)
 31103 | Orc:1    | Killed Seokk's ghost
 31147 | Orc:2    | Entered Level 2 of the Orcish Mines
 31152 | Orc:2    | Noticed Saint Roka
 31177 | Orc:1    | Killed Saint Roka
 31177 | Orc:1    | Reached skill level 5 in Throwing
 31584 | Orc:2    | Found a staircase to the Elven Halls.
 31849 | Orc:2    | Found Jomn's Magic Scroll Shoppe.
 31933 | Orc:2    | Found Figgeon's Antique Weapon Shop.
 31938 | Orc:2    | Found Getiud's Armour Shop.
 31965 | Orc:2    | Found Hejokhle's Weapon Shoppe.
 32507 | Snake:1  | Entered Level 1 of the Snake Pit
 32579 | Snake:1  | Noticed Aizul
 32586 | Snake:1  | Killed Aizul
 32628 | Snake:1  | Reached XP level 17. HP: 184/184 MP: 26/29
 34021 | Snake:2  | Found a transporter.
 34023 | Snake:2  | Noticed NeAGen181's ghost (adept HOFi)
 34044 | Snake:2  | Found a transporter.
 34681 | Snake:2  | Learned a level 2 spell: Song of Slaying
 34713 | Snake:2  | Killed NeAGen181's ghost
 35721 | Snake:3  | Reached XP level 18. HP: 196/196 MP: 26/30
 35733 | Snake:3  | Learned a level 7 spell: Dragon Form
 36343 | Snake:4  | Entered Level 4 of the Snake Pit
 36499 | Snake:4  | Reached skill level 15 in Unarmed Combat
 36855 | Snake:4  | Found a transporter.
 36855 | Snake:4  | Identified the +6 whip of the Coward {drain, *Drain rElec
                  | rC+ Int+5}
 36856 | Snake:4  | Noticed Shavain's ghost (adept DDBe)
 36856 | Snake:4  | Identified the +1 great mace of Hoixzemi {distort, Dex+2}
 36861 | Snake:4  | Found a bloodstained altar of Trog.
 36897 | Snake:4  | Found Bulamyir's Jewellery Shop.
 36933 | Snake:4  | Found a transporter.
 37213 | Snake:4  | Killed Shavain's ghost
 37213 | Snake:4  | Reached skill level 15 in Transmutations
 37389 | Snake:4  | Bought an uncursed amulet of rage for 760 gold pieces
 39168 | Snake:4  | Reached XP level 19. HP: 209/209 MP: 23/31
 39912 | Snake:4  | Got a serpentine rune of Zot
 40276 | Shoals:1 | Entered Level 1 of the Shoals
 42766 | Shoals:4 | Entered Level 4 of the Shoals
 43353 | Shoals:4 | Reached XP level 20. HP: 222/222 MP: 28/32
 43720 | Shoals:4 | Got a barnacled rune of Zot
 44073 | Shoals:4 | Identified the Compendium of Hurtful Evil
 44537 | Vaults:1 | Entered Level 1 of the Vaults
 46492 | Vaults:2 | HP: 9/339 [stone giant (29)]
 46494 | Vaults:2 | HP: 3/339 [stone giant/large rock (11)]
 47032 | Vaults:2 | You fall through a shaft!
 47084 | Vaults:3 | Reached XP level 21. HP: 234/234 MP: 33/33
 47174 | Vaults:3 | Reached skill level 10 in Dodging
 48044 | Vaults:3 | Found a staircase to the Crypt.
 49929 | Vaults:4 | Found Tuymouxt's General Store.
 50248 | Vaults:4 | Reached XP level 22. HP: 223/247 MP: 34/34
 50313 | Vaults:4 | Found Xunuxoshre's Jewellery Shop.
 51296 | Vaults:4 | Found Zustaepi's Distillery.
 51615 | Elf:1    | Entered Level 1 of the Elven Halls
 51950 | Elf:1    | Found Feodeshru's Food Emporium.
 51953 | Elf:1    | Found Oreosaar's Book Emporium.
 51954 | Elf:1    | Found Detsemu's Book Emporium.
 51955 | Elf:1    | Found Rucrah's Food Emporium.
 52391 | Elf:1    | Found Hiagalle's Magic Scroll Shoppe.
 53134 | Elf:2    | Found a runed translucent gate.
 53134 | Elf:2    | Found a runed translucent gate.
 53135 | Elf:2    | Found a runed translucent gate.
 53444 | Elf:2    | Found Qeur's Jewellery Shop.
 53444 | Elf:2    | Found Atsedys's Gadget Shoppe.
 53445 | Elf:2    | Found Vusacaliopp's Jewellery Shop.
 53455 | Elf:2    | Bought the ring "Vuruettud" {Wiz rElec Dex+6} for 679 gold
                  | pieces
 54198 | Elf:3    | Entered Level 3 of the Elven Halls
 55008 | Elf:3    | Reached XP level 23. HP: 260/260 MP: 35/35
 55807 | Elf:3    | Identified the cursed +3 broad axe "Yreurgh" {pain, rF+}
 56268 | Elf:3    | Identified the amulet of Past Mistakes {+Rage Dex+4}
 56743 | Depths:1 | Entered Level 1 of the Depths
 57210 | Depths:1 | Found a one-way gate to the infinite horrors of the Abyss.
 57513 | Depths:1 | Noticed Louise
 57521 | Depths:1 | Killed Louise
 58421 | Depths:1 | Found a burning altar of Makhleb.
 58447 | Depths:1 | Reached XP level 24. HP: 274/274 MP: 35/35
 58506 | Depths:1 | Found a burning altar of Makhleb.
 58507 | Depths:1 | Found the cursed +14 obsidian axe {chop, +Fly SInv *Curse}
 58935 | Depths:2 | Found a one-way gate leading to the halls of Pandemonium.
 59552 | Depths:2 | Found a bloodstained altar of Trog.
 60107 | Depths:3 | Found a portal to a secret trove of treasure.
 60256 | Depths:3 | HP: 20/618 [fire giant/bolt of fire (14)]
 60257 | Depths:3 | HP: 1/618 [something/vampiric draining (20)]
 60269 | Depths:3 | HP: 14/412 [yaktaur/bolt (17)]
 60324 | Depths:3 | Found a runed translucent door.
 60324 | Depths:3 | Found a shimmering altar of Xom.
 60324 | Depths:3 | Noticed jt's ghost (adept NaVM)
 60325 | Depths:3 | Found a flickering gateway to a bazaar.
 60338 | Bazaar   | Entered a bazaar
 60353 | Bazaar   | Found Eskuvu's Gadget Shop.
 60382 | Bazaar   | Found Noifra's Gadget Shop.
 60410 | Bazaar   | Found Kasiluas's Distillery.
 60435 | Bazaar   | Found Kalokint's Distillery.
 60460 | Bazaar   | Bought a wand of digging (7) for 264 gold pieces
 60676 | Depths:3 | Learned a level 5 spell: Borgnjor's Vile Clutch
 61346 | Depths:4 | Found a gateway to a ziggurat.
 61889 | Depths:4 | Noticed an ancient lich
 61895 | Depths:4 | Killed an ancient lich
 62040 | Depths:4 | Reached XP level 25. HP: 287/287 MP: 32/35
 62394 | Depths:5 | Entered Level 5 of the Depths
 62661 | Depths:5 | Noticed a juggernaut
 62664 | Depths:5 | Reached skill level 5 in Necromancy
 62808 | Depths:5 | Killed a juggernaut
 62975 | Depths:5 | Noticed a juggernaut
 62981 | Depths:5 | Killed a juggernaut
 63074 | Depths:5 | HP: 7/373 [vampire knight/+1 quarterstaff of speed (19)]
 63563 | Depths:5 | Found a gate to the Realm of Zot.
 63828 | Depths:5 | Reached skill level 15 in Dodging
 64258 | Depths:5 | Learned a level 2 spell: Sublimation of Blood
 64454 | Depths:4 | Voluntarily entered the Abyss.
 64819 | Abyss:2  | Found a runed translucent gate.
 64819 | Abyss:2  | Found a runed translucent gate.
 64819 | Abyss:2  | Found a runed translucent gate.
 64858 | Abyss:2  | Found a blossoming altar of Fedhas.
 64876 | Abyss:2  | Found a corrupted altar of Lugonu.
 64912 | Abyss:2  | Found a corrupted altar of Lugonu.
 64944 | Abyss:2  | Got a slimy pewter amulet
 64975 | Abyss:2  | Identified the amulet of Xufi {Faith rF+} (You found it on
                  | level 2 of the Abyss)
 65129 | Abyss:2  | Reached skill level 1 in Hexes
 65332 | Abyss:2  | Found a corrupted altar of Lugonu.
 65452 | Abyss:2  | Found a corrupted altar of Lugonu.
 65494 | Abyss:2  | Found a corrupted altar of Lugonu.
 65789 | Abyss:3  | Reached XP level 26. HP: 300/300 MP: 23/35
 66687 | Abyss:3  | Reached skill level 5 in Translocations
 66738 | Abyss:3  | Reached skill level 5 in Hexes
 66776 | Abyss:3  | Got an abyssal rune of Zot
 66960 | Depths:4 | Escaped the Abyss
 67472 | Vaults:5 | Entered Level 5 of the Vaults
 67597 | Vaults:5 | Reached skill level 10 in Throwing
 67877 | Vaults:5 | Identified the amulet "Raam" {RegenMP Str+6}
 68053 | Vaults:5 | Noticed Boris
 68063 | Vaults:5 | Killed Boris
 68377 | Vaults:5 | Reached XP level 27. HP: 314/314 MP: 29/35
 69053 | Vaults:5 | Identified the +7 short sword "Ugiopruy" {flame, rC+ SInv}
 69059 | Vaults:5 | Identified the +12 great sword "Pendulum" {freeze, rElec}
 69088 | Vaults:5 | Identified Geucac's Tome of Orientation
 69318 | Vaults:5 | Got a silver rune of Zot
 70225 | Slime:1  | Entered Level 1 of the Pits of Slime
 71332 | Slime:3  | Gained mutation: You are weak. (Str -2) [a shining eye]
 71334 | Slime:3  | Paralysed by a floating eye for 3 turns
 72500 | Slime:3  | Gained mutation: You are clumsy. (Dex -2) [a shining eye]
 72593 | Slime:5  | Entered Level 5 of the Pits of Slime
 72831 | Slime:5  | Gained mutation: Scrolls take you a little longer to read.
                  | [a shining eye]
 72892 | Slime:5  | Gained mutation: You are dopey. (Int -2) [a shining eye]
 72973 | Slime:5  | Noticed the Royal Jelly
 73259 | Slime:5  | Killed the Royal Jelly
 73711 | Slime:5  | Identified a scroll of acquirement
 73712 | Slime:5  | Found the +8 lance "Wyrmbane" {slay drac, rPois rF+ rC+
                  | AC+3}
 73763 | Slime:5  | Identified the Compendium of Protection and Conjuration
 73770 | Slime:5  | Got a scorched bone ring
 73773 | Slime:5  | Identified the ring "Vuupsoug" {rCorr Str+4 Int+3 Stlth-}
                  | (You found it on level 5 of the Pits of Slime)
 73876 | Slime:5  | Got a slimy rune of Zot
 73887 | Slime:5  | Identified the +1 animal skin of Elitism {Stlth+} (You
                  | acquired it on level 5 of the Pits of Slime)
 73896 | Slime:5  | Learned a level 2 spell: Passwall
 74420 | Zot:1    | Entered Level 1 of the Realm of Zot
 74784 | Elf:2    | Bought an uncursed ring of see invisible for 180 gold
                  | pieces
 75690 | Depths:5 | Lost mutation: You are clumsy. (Dex -2) [potion of
                  | mutation]
 75690 | Depths:5 | Lost mutation: You are dopey. (Int -2) [potion of mutation]
 75690 | Depths:5 | Lost mutation: You are weak. (Str -2) [potion of mutation]
 75690 | Depths:5 | Gained mutation: Your spells are a little easier to cast,
                  | but a little less powerful. [potion of mutation]
 75690 | Depths:5 | Gained mutation: You expend magic power (3 MP) to
                  | strengthen your wands. [potion of mutation]
 75690 | Depths:5 | Gained mutation: You are partially covered in large bone
                  | plates. (SH +4) [potion of mutation]
 75691 | Depths:5 | Lost mutation: Scrolls take you a little longer to read.
                  | [potion of mutation]
 75691 | Depths:5 | Lost mutation: You are partially covered in large bone
                  | plates. (SH +4) [potion of mutation]
 75691 | Depths:5 | Gained mutation: You have large cloven feet. [potion of
                  | mutation]
 75691 | Depths:5 | Lost mutation: Your spells are a little easier to cast, but
                  | a little less powerful. [potion of mutation]
 75960 | Zot:1    | Noticed an orb of fire
 75963 | Zot:1    | Killed an orb of fire
 77037 | Zot:2    | Reached skill level 15 in Throwing
 77444 | Zot:2    | You fall through a shaft for 2 floors!
 77477 | Zot:4    | Reached skill level 5 in Evocations
 77988 | Zot:3    | Reached skill level 27 in Fighting
 78194 | Zot:3    | Noticed an orb of fire
 78200 | Zot:3    | Killed an orb of fire
 80360 | Hell     | Entered the Vestibule of Hell
 80360 | Hell     | Noticed Geryon
 80382 | Hell     | Killed Geryon
 80917 | Hell     | Found a gateway to the ashen valley of Gehenna.
 81793 | Hell     | Found a gateway to the decaying netherworld of Tartarus.
 81877 | Hell     | Found a gateway to the freezing wastes of Cocytus.
 81980 | Hell     | Found a gateway to the Iron City of Dis.
 83706 | Geh:1    | Entered Level 1 of Gehenna
 84333 | Geh:2    | Reached skill level 10 in Spellcasting
 84781 | Geh:7    | Entered Level 7 of Gehenna
 85902 | Geh:7    | Identified the +7 sceptre of Asmodeus
 85902 | Geh:7    | Noticed Asmodeus
 85913 | Geh:7    | Killed Asmodeus
 85991 | Geh:7    | Got an obsidian rune of Zot
 86030 | Geh:7    | Got a faintly glowing bronze ring
 86031 | Geh:7    | Identified the ring "Zuecw" {*Contam +Inv rElec rC- Dex+4}
                  | (You found it on level 7 of Gehenna)
 86421 | Dis:1    | Entered Level 1 of the Iron City of Dis
 87077 | Dis:3    | Gained mutation: Your body sometimes deteriorates upon
                  | taking damage. [mutagenic glow]
 87932 | Dis:7    | Entered Level 7 of the Iron City of Dis
 88104 | Dis:7    | Reached skill level 27 in Unarmed Combat
 88281 | Dis:7    | Reached skill level 15 in Spellcasting
 88291 | Dis:7    | Reached skill level 10 in Evocations
 88984 | Dis:7    | Identified the +4 staff of Dispater
 88984 | Dis:7    | Noticed Dispater
 88988 | Dis:7    | Killed Dispater
 88998 | Dis:7    | Got an iron rune of Zot
 89211 | Tar:1    | Entered Level 1 of Tartarus
 90824 | Tar:7    | Entered Level 7 of Tartarus
 91155 | Tar:7    | Identified the +8 mace of Patterns {speed, rF++ rC+ MR+
                  | Str+2}
 91322 | Tar:7    | Noticed the Serpent of Hell
 91324 | Tar:7    | Killed the Serpent of Hell
 91411 | Tar:7    | Reached skill level 15 in Evocations
 91569 | Tar:7    | Noticed Ereshkigal
 91583 | Tar:7    | Killed Ereshkigal
 91729 | Tar:7    | Got a bone rune of Zot
 91945 | Coc:1    | Entered Level 1 of Cocytus
 92095 | Hell     | Learned a level 5 spell: Irradiate
 92682 | Coc:6    | You are sucked into a shaft!
 92682 | Coc:7    | Entered Level 7 of Cocytus
 92929 | Coc:7    | Identified the Collected Works on Darkness and
                  | Transformation
 93172 | Coc:7    | Identified the +3 mace "Jellybane" {holy, rC+ MP-9 Str+3}
                  | (You found it on level 7 of Cocytus)
 93357 | Coc:7    | Noticed Antaeus
 93372 | Coc:7    | Killed Antaeus
 93511 | Coc:7    | Got an icy rune of Zot
 94759 | Pan      | Entered Pandemonium
 94761 | Pan      | Found an exit through the horrors of the Abyss.
 95416 | Pan      | Noticed Oshuto Luli the pandemonium lord
 95418 | Pan      | Killed Oshuto Luli the pandemonium lord
 95826 | Pan      | Noticed Ixtoh the pandemonium lord
 95831 | Pan      | Killed Ixtoh the pandemonium lord
 95960 | Pan      | Got a demonic rune of Zot
 96367 | Pan      | Noticed Jotwo the pandemonium lord
 96378 | Pan      | Killed Jotwo the pandemonium lord
 96740 | Pan      | Gained mutation: You are clumsy. (Dex -2) [a neqoxec]
 97015 | Pan      | Found an exit through the horrors of the Abyss.
 97155 | Pan      | Noticed Paost the pandemonium lord
 97161 | Pan      | Killed Paost the pandemonium lord
 97217 | Pan      | Entered the realm of Gloorx Vloq.
 97349 | Pan      | Reached skill level 10 in Shields
 97443 | Pan      | Noticed Gloorx Vloq
 97449 | Pan      | Killed Gloorx Vloq
 97484 | Pan      | Got a dark rune of Zot
 97600 | Pan      | Identified the Disquisition on the Floating Mountains
 97814 | Pan      | Found a glowing silver altar of Zin.
 98343 | Pan      | Identified the +8 shortbow of the Mosquito {velocity,
                  | *Drain +Inv Str+3 Dex+4}
 98895 | Pan      | Found a white marble altar of Elyvilon.
 99555 | Pan      | Noticed a seraph
 99566 | Pan      | Killed a seraph
 99578 | Pan      | Identified the +0 chain mail of Slovenliness {rElec Str+7
                  | Dex+4 Slay-2}
 99584 | Pan      | Found a glowing golden altar of the Shining One.
 99599 | Pan      | Identified the Handbook of Frigorific Necromancy
 99615 | Pan      | Identified the Reference Book on Vitriolic Fire
100177 | Pan      | Noticed Rutix the pandemonium lord
100181 | Pan      | Killed Rutix the pandemonium lord
100296 | Pan      | Entered the realm of Cerebov.
100296 | Pan      | Found an exit through the horrors of the Abyss.
100461 | Pan      | Identified the +3 executioner's axe of Infection {venom,
                  | +Blink +Fly rElec rC+} (You found it in Pandemonium)
100464 | Pan      | Got a scorched tin ring
100465 | Pan      | Identified the cursed ring "Qitaseg" {rElec EV-5} (You
                  | found it in Pandemonium)
100467 | Pan      | Identified Mnoleg's Grimoire of Creation
100535 | Pan      | Identified the Papyrus of the Twisted Volcanoes
100549 | Pan      | Reached skill level 15 in Shields
100562 | Pan      | Identified the +6 sword of Cerebov {flame}
100562 | Pan      | Noticed Cerebov
100577 | Pan      | Killed Cerebov
100682 | Pan      | Got a fiery rune of Zot
100723 | Pan      | Identified the +1 robe "Leacur" {rPois rF+ Int+2 Slay-2}
                  | (You found it in Pandemonium)
100972 | Pan      | Entered the realm of Mnoleg.
101216 | Pan      | Gained mutation: Scrolls take you a little longer to read.
                  | [mutagenic glow]
101353 | Pan      | Noticed Mnoleg
101356 | Pan      | Killed Mnoleg
101489 | Pan      | Reached skill level 27 in Spellcasting
101503 | Pan      | Got a glowing rune of Zot
101588 | Pan      | Gained mutation: Scrolls take you longer to read. [a
                  | neqoxec]
101598 | Pan      | Lost mutation: Scrolls take you longer to read. [potion of
                  | mutation]
101598 | Pan      | Lost mutation: You are clumsy. (Dex -2) [potion of
                  | mutation]
101598 | Pan      | Lost mutation: Your body sometimes deteriorates upon taking
                  | damage. [potion of mutation]
101598 | Pan      | Gained mutation: You passively map a small area around you.
                  | [potion of mutation]
101598 | Pan      | Gained mutation: Your flesh is heat resistant. (rF+)
                  | [potion of mutation]
101735 | Pan      | Found a transporter.
101750 | Pan      | Noticed Mennas
101773 | Pan      | Killed Mennas
101864 | Pan      | Found a transporter.
102165 | Pan      | Entered the realm of Lom Lobon.
102317 | Pan      | Found an exit through the horrors of the Abyss.
103151 | Pan      | Noticed Lom Lobon
103162 | Pan      | Killed Lom Lobon
103198 | Pan      | Got a magical rune of Zot
103412 | Pan      | Took an exit into the Abyss.
103412 | Abyss:1  | Escaped into the Abyss
103471 | Depths:2 | Escaped the Abyss
103763 | Crypt:1  | Entered Level 1 of the Crypt
104715 | Crypt:1  | You fall through a shaft!
106047 | Crypt:3  | Entered Level 3 of the Crypt
106186 | Crypt:3  | Found a staircase to the Tomb.
106207 | Crypt:3  | Identified the +0 robe of Dishonesty {-Tele rPois Str+3}
                  | (You found it on level 3 of the Crypt)
106215 | Tomb:1   | Entered Level 1 of the Tomb of the Ancients
107515 | Tomb:1   | Learned a level 5 spell: Silence
107803 | Tomb:1   | Learned a level 8 spell: Controlled Blink
107877 | Tomb:2   | Noticed a greater mummy
107877 | Tomb:2   | Noticed a greater mummy
107877 | Tomb:2   | Noticed a greater mummy
107877 | Tomb:2   | Noticed a greater mummy
107880 | Tomb:2   | Noticed Sojobo
107885 | Tomb:2   | Killed a greater mummy
107898 | Tomb:2   | HP: 23/484 [air elemental[Sojobo] (6)]
107898 | Tomb:2   | Slain by Sojobo

Skill      XL: |  1  2  3  4  5  6  7  8  9 10 11 12 13 14 15 16 17 18 19 20 21 22 23 24 25 26 27 |
---------------+----------------------------------------------------------------------------------+-----
Transmutations | 2 3 4 5 7 10 12 13 14 15 16 | 16.0
Poison Magic   | 1 2 |  2.5
Fighting       | 2 3 4 6 7 9 11 13 15 17 18 19 20 21 22 23 24 25 27 | 27.0
Dodging        | 2 3 4 5 6 8 9 11 12 13 14 15 19 | 19.9
Unarmed Combat | 3 4 6 7 9 10 11 12 13 14 16 17 18 19 20 21 22 23 27 | 27.0
Spellcasting   | 3 4 5 6 7 8 27 | 27.0
Charms         | 2 3 |  3.0
Necromancy     | 2 4 5 |  5.0
Translocations | 2 3 6 |  6.0
Evocations     | 3 19 | 19.1
Earth Magic    | 2 6 9 10 | 10.0
Shields        | 3 7 9 18 | 18.7
Throwing       | 2 5 7 12 16 | 16.5
Hexes          | 2 6 |  6.0

Action                   |  1- 3 |  4- 6 |  7- 9 | 10-12 | 13-15 | 16-18 | 19-21 | 22-24 | 25-27 || total
-------------------------+-------+-------+-------+-------+-------+-------+-------+-------+-------++-------
Melee: Unarmed           |   139 |   145 |   371 |   807 |   986 |  1156 |  1056 |  1153 |  5843 || 11656
       Headbutt          |     9 |       |       |       |       |       |       |       |       ||     9
       Kick              |    12 |       |       |       |       |       |       |       |   812 ||   824
       Dagger            |       |    13 |     8 |       |       |       |       |       |       ||    21
       Punch             |       |       |     1 |     6 |    43 |     4 |    55 |    70 |   225 ||   404
       Staff             |       |       |       |     3 |       |    11 |    22 |    28 |    72 ||   136
       Tailslap          |       |       |       |       |       |     5 |    95 |   109 |   338 ||   547
       Bite              |       |       |       |       |       |     2 |    60 |    89 |   267 ||   418
Throw: Large rock        |       |       |       |       |     4 |     6 |    13 |     8 |   276 ||   307
 Cast: Beastly Appendage |    25 |     3 |       |       |       |       |       |       |       ||    28
       Spider Form       |     2 |    25 |    60 |    88 |       |       |       |       |       ||   175
       Confusing Touch   |       |       |    26 |    76 |     2 |       |       |       |       ||   104
       Shroud of Golubri |       |       |    14 |    41 |     4 |     1 |       |       |     1 ||    61
       Regeneration      |       |       |       |    14 |    37 |    59 |    42 |    63 |   531 ||   746
       Statue Form       |       |       |       |    17 |    89 |    82 |    30 |    28 |   312 ||   558
       Summon Butterflie |       |       |       |     1 |     2 |       |     1 |       |     1 ||     5
       Portal Projectile |       |       |       |       |     1 |     1 |     2 |       |    50 ||    54
       Song of Slaying   |       |       |       |       |       |     4 |     1 |       |     3 ||     8
       Dragon Form       |       |       |       |       |       |     4 |    53 |    51 |   147 ||   255
       Borgnjor's Vile C |       |       |       |       |       |       |       |    11 |     4 ||    15
       Apportation       |       |       |       |       |       |       |       |       |    32 ||    32
       Sublimation of Bl |       |       |       |       |       |       |       |       |    11 ||    11
       Silence           |       |       |       |       |       |       |       |       |     3 ||     3
       Irradiate         |       |       |       |       |       |       |       |       |     2 ||     2
       Controlled Blink  |       |       |       |       |       |       |       |       |     1 ||     1
Invok: Lunge             |       |       |    29 |    58 |    60 |    72 |   109 |   124 |   665 ||  1117
       Whirlwind         |       |       |     4 |    35 |     5 |    19 |    44 |    57 |   345 ||   509
       Serpent's Lash    |       |       |       |       |     1 |     5 |     1 |     1 |    35 ||    43
       Heavenly Storm    |       |       |       |       |       |       |     1 |       |     5 ||     6
 Abil: End Transformatio |       |       |       |     1 |     3 |    17 |    10 |    16 |   155 ||   202
       Wall Jump         |       |       |       |     1 |     1 |     9 |     2 |     7 |    23 ||    43
       Breathe Fire      |       |       |       |       |       |       |     3 |     2 |     1 ||     6
       Evoke Berserk Rag |       |       |       |       |       |       |     1 |       |       ||     1
       Evoke Invisibilit |       |       |       |       |       |       |       |       |    27 ||    27
Evoke: Staff of energy   |       |       |       |       |       |       |       |       |    32 ||    32
       Wand              |       |       |       |       |       |       |       |       |     1 ||     1
  Use: Potion            |       |     1 |       |     5 |       |       |     2 |     4 |    26 ||    38
       Scroll            |       |       |    15 |     5 |    12 |     3 |     5 |     7 |    39 ||    86
 Stab: Sleeping          |       |     1 |       |       |       |       |       |       |       ||     1
       Confused          |       |       |    18 |    38 |       |       |       |       |       ||    56
       Distracted        |       |       |       |     1 |     1 |       |       |       |     2 ||     4
       Invisible         |       |       |       |     4 |     1 |       |       |       |    36 ||    41
  Eat: Chunk             |     4 |    12 |    21 |    41 |    65 |    35 |    74 |    57 |    43 ||   352
       Ration            |       |       |       |     5 |     5 |    14 |     5 |     3 |    53 ||    85
Armor: Robe              |    44 |     9 |     2 |     3 |    15 |     4 |     6 |     6 |    11 ||   100
       Skin              |       |     4 |     9 |   106 |   979 |   772 |   300 |   243 |  1595 ||  4008
Dodge: Dodged            |    78 |   131 |   279 |   816 |  1893 |   879 |   575 |   389 |  3063 ||  8103
       Deflected         |       |       |       |       |       |       |     5 |    31 |    99 ||   135
Block: Shield            |       |       |       |       |     1 |  1088 |   274 |   279 |  2394 ||  4036
       Reflection        |       |       |       |       |       |    47 |    49 |    74 |    67 ||   237
       Other             |       |       |       |       |       |       |    55 |    41 |    16 ||   112
       Large shield      |       |       |       |       |       |       |       |       |   654 ||   654
